 Dungeon Crawl Stone Soup version 0.29-a0-1008-g949cc1d0fb (webtiles) character file.

Game seed: 2323332870680226629

66 siradein the Shield-Bearer (level 4, 0/37 HPs)
             Began as a Formicid Fighter on Aug 8, 2022.
             Slain by a gnoll bouda
             ... wielding a +0 whip
              (7 damage)
             ... on level 2 of the Dungeon.
             The game lasted 00:03:57 (1449 turns).

siradein the Shield-Bearer (Formicid Fighter)       Turns: 1449, Time: 00:03:57

Health: 0/37       AC:  7    Str: 28    XL:     4   Next: 37%
Magic:  4/4        EV:  9    Int:  8    God:
Gold:   61         SH:  5    Dex: 13    Spells: 3/3 levels left

rFire   . . .      SeeInvis +   a - +0 war axe
rCold   . . .      Faith    .   c - +0 buckler
rNeg    . . .      Spirit   .   b - +0 scale mail
rPois   .          Reflect  .   (helmet unavailable)
rElec   .          Harm     .   (no cloak)
rCorr   .          Rampage  .   (no gloves)
Will    .....                   (no boots)
Stlth   ..........              (no amulet)
HPRegen 0.12/turn               f - +6 ring of strength
MPRegen 0.09/turn               (no ring)

@: no status effects
A: permanent stasis, dig shafts and tunnels, antennae 3, four strong arms
a: Dig, Shaft Self


You were on level 2 of the Dungeon.
You visited 1 branch of the dungeon, and saw 2 of its levels.

You collected 61 gold pieces.

Inventory:

Hand Weapons
 a - a +0 war axe (weapon)
Armour
 b - a +0 scale mail (worn)
 c - a +0 buckler (worn)
Jewellery
 f - a +6 ring of strength (left hand)
Scrolls
 g - a scroll of fear {unknown}
 h - a scroll of acquirement {unknown}
 i - a scroll of immolation
Potions
 d - a potion of might
 e - 3 potions of flight {unknown}


   Skills:
 + Level 3.9 Fighting
 + Level 2.7 Axes
 + Level 3.8 Armour
 + Level 4.8 Shields


You had 3 spell levels left.
You didn't know any spells.
Your spell library was empty.

Dungeon Overview and Level Annotations

Branches:
Dungeon (2/15)

Altars:


Innate Abilities, Weirdness & Mutations

You cannot be hasted, slowed, berserked, paralysed or teleported.
You can dig through walls and to a lower floor.
You have a pair of large antennae on your head. (SInv)
Your four strong arms can wield two-handed weapons with a shield.


Message History

You hit the gnoll.
The gnoll is moderately wounded.
The gnoll hits you but does no damage. The gnoll hits you with a +0 spear.
You hit the gnoll.
The gnoll is severely wounded.
The gnoll hits you with a +0 spear.
You barely miss the gnoll.
The gnoll is severely wounded.
You block the gnoll's attack.
A gnoll comes into view. It is wielding a +0 flail.
You closely miss the gnoll.
The gnoll is severely wounded.
The gnoll shouts!
You slash the gnoll bouda!
You hear a shout!
The gnoll barely misses you.
The gnoll bouda hits you with a +0 whip!
The gnoll hits you with a +0 spear.
You hear a shout!
You closely miss the gnoll bouda.
The gnoll bouda is heavily wounded.
You barely miss the gnoll.
The gnoll is no longer moving quickly.
The gnoll bouda barely misses you. The gnoll closely misses you.
The gnoll bouda barks out a call to the hunt!
The gnoll picks up the pace!
You barely miss the gnoll bouda.
The gnoll bouda is heavily wounded.
You hit the gnoll but do no damage. The gnoll hits you but does no damage.
The gnoll bouda hits you with a +0 whip.
You block the gnoll's attack.
A gnoll comes into view. It is wielding a +0 club.
Unknown command.
You hit the gnoll bouda.
The gnoll bouda is severely wounded.
You closely miss the gnoll.
The gnoll bouda hits you with a +0 whip!
* * * LOW HITPOINT WARNING * * *
The gnoll barely misses you.
The gnoll bouda hits you with a +0 whip!
You die...

.. #.# #.......# ###. #.#
#.......#
.....##.####.......########
.................##.......###
#...............##..........
.............................
.#......#..#g#.#..#.†........
.....#..#..#g#.#..(..........
....##{{#..#@#...#...........
.... #.{#..#g#####........###
...{ #.g#.....# ##.####### ..
...##g#### .... #.#...# #...
#.### #... ... .## {


You could see a gnoll bouda and 3 gnolls.

Vanquished Creatures
  An adder (D:2)
  2 worms (D:1)
  A dart slug (D:1)
  6 endoplasms (D:1)
  4 giant cockroaches
  A goblin (D:1)
  5 hobgoblins
  7 jackals (D:1)
  2 kobolds (D:1)
  A quokka (D:1)
  5 ball pythons
  3 bats (D:1)
  6 rats (D:1)
44 creatures vanquished.

Notes
Turn   | Place    | Note
-------+----------+-------------------------------------------
     0 | D:1      | siradein the Formicid Fighter began the quest for the Orb.
     0 | D:1      | Reached XP level 1. HP: 18/18 MP: 1/1
     1 | D:1      | Found a runed translucent door.
   116 | D:1      | Reached XP level 2. HP: 24/24 MP: 2/2
   651 | D:1      | Reached XP level 3. HP: 29/29 MP: 3/3
  1115 | D:1      | Reached XP level 4. HP: 20/37 MP: 4/4
  1327 | D:2      | Found a faded altar of an unknown god.
  1449 | D:2      | Slain by a gnoll bouda

Illustrated notes

Levels and vault maps discovered:
D:1:      dpeg_arrival_caged_fury, layout_loops_corners, minivault_25
D:2:      layout_basic, hellmonk_ecumenical_altar_blasted,
          minmay_splitting_lines, minmay_shallow_snake_nest

Action                   |  1- 3 |  4- 6 || total
-------------------------+-------+-------++-------
Melee: War axe           |    96 |    27 ||   123
Armor: Scale mail        |    45 |    13 ||    58
Dodge: Dodged            |    51 |    16 ||    67
Block: Buckler           |    19 |     4 ||    23

Table legend: (Time is in decaauts)
 A = Elapsed time spent in this place.
 B = Non-inter-level travel time spent in this place.
 C = Inter-level travel time spent in this place.
 D = Time resting spent in this place.
 E = Time spent auto-exploring this place.
 F = Levels seen in this place.
 G = Mean time per level.
                   A        B        C        D        E       F      G
               +--------+--------+--------+--------+--------+-----+--------+
         Total |   1498 |   1485 |     13 |     17 |   1161 |   2 |  749.0 |
       Dungeon |   1498 |   1485 |     13 |     17 |   1161 |   2 |  749.0 |
               +--------+--------+--------+--------+--------+-----+--------+

Top non-repeatable levels by time:
     D:1: 1308 daAuts
     D:2: 190 daAuts
